 Dungeon Crawl Stone Soup version 0.31.0-11-ge490571c62 (webtiles) character file.

Game seed: 4953240228311792046

254 qw the Skirmisher (level 5, -7/30 HPs)
             Began as a Deep Elf Hunter on Feb 5, 2024.
             Mangled by a gnoll bouda
             ... wielding a +0 whip
              (8 damage)
             ... on level 4 of the Dungeon.
             The game lasted 00:01:06 (2653 turns).

qw the Skirmisher (Deep Elf Hunter)                 Turns: 2653, Time: 00:01:07

Health: -7/30      AC:  6    Str: 10    XL:     5   Next: 91%
Magic:  7/7        EV: 13    Int: 14    God:
Gold:   202        SH:  0    Dex: 18    Spells: 4/4 levels left

rFire   . . .        a - +1 shortbow
rCold   . . .        (shield currently unavailable)
rNeg    . . .        j - +1 leather armour {rPois}
rPois   +            (no helmet)
rElec   .            (no cloak)
rCorr   .            l - +1 Delatra's gloves {ID++}
SInv    .            (no boots)
Will    .....        (no amulet)
Stlth   ++           (no ring)
HPRegen 0.25/turn    (no ring)
MPRegen 0.10/turn

%: no passive effects
@: weakened
A: no striking features
a: no special abilities


You were on level 4 of the Dungeon.
You visited 2 branches of the dungeon, and saw 5 of its levels.

You collected 202 gold pieces.


   Skills:
 - Level 2.0 Fighting
 + Level 9.0 Ranged Weapons
 - Level 3.1 Dodging
 - Level 1.2 Stealth


You had 4 spell levels left.
You didn't know any spells.
Your spell library was empty.

Inventory:

Hand Weapons
 a - a +1 shortbow (weapon)
Armour
 j - a +1 leather armour of poison resistance (worn)
 k - a +0 ring mail
 l - the +1 Delatra's gloves (worn) {ID++}
   (You found it on level 3 of the Dungeon)

   ID++:      It heals its wearer when they drink unknown potions, and restores
   their MP when they read unknown scrolls.
Scrolls
 c - a scroll of teleportation {unknown}
Potions
 b - a potion of haste
 d - a potion of enlightenment
 e - a potion of might
 g - 2 potions of curing
 m - a potion of magic {unknown}
 n - a potion of attraction {unknown}

Dungeon Overview and Level Annotations

Branches:
Dungeon (4/15)             Temple (1/1) D:4

Altars:
Ashenzari
Dithmenos
Elyvilon
Gozag
Hepliaklqana
Kikubaaqudgha
Makhleb
Qazlal
Ru
Trog
Vehumet
Wu Jian
Xom
Yredelemnul
The Shining One


Message History

The arrow hits the gnoll but does no damage.
The gnoll is lightly wounded.
The gnoll hits you with a +0 whip. The gnoll closely misses you.
You shoot an arrow. The arrow barely misses the gnoll.
The arrow hits the gnoll!
The gnoll is almost dead.
You hear a shout!
The gnoll closely misses you.
The gnoll hits you from afar with a +1 halberd of flaming!
The gnoll burns you.
You shoot an arrow.
The arrow hits the gnoll but does no damage.
The gnoll is severely wounded.
The gnoll closely misses you. x2
You shoot an arrow. The arrow hits the gnoll!
You kill the gnoll!
Your attacks no longer feel as feeble.
The gnoll barely misses you.
Your Fighting skill increases to level 2!
You shoot an arrow.
The arrow hits the gnoll bouda but does no damage.
The gnoll closely misses you. The gnoll bouda closely misses you.
An orc comes into view. It is wielding a +0 short sword.
You shoot an arrow.
The arrow barely misses the gnoll bouda.
The arrow hits the gnoll!
You kill the gnoll!
A jelly comes into view.
The gnoll bouda gazes fiercely through you!
You feel your attacks grow feeble.
The gnoll bouda hits you with a +0 whip.
The orc completely misses you.
You shoot an arrow.
The arrow barely misses the gnoll bouda.
The arrow hits the giant cockroach but does no damage.
The gnoll bouda hits you with a +0 whip!
The orc hits you but does no damage.
You shoot an arrow. The arrow hits the gnoll bouda.
The gnoll bouda is lightly wounded.
The gnoll bouda hits you with a +0 whip!
You die...

......o... #...#
#...#..o#. #.#.###..
#.....o..o #.#.. g..
.#........ #... g.#
.......... #..## gB###
....#..)#. #...
....### .#.......
##.### ..#....
.#.#########....##J..#
.#...........##.@gB#
.# ##......#####o.#
#####..##..## ....#
........##.# .###.#
#######.##.# #. .). #
.##.# . ##?# # .##.#
.. .# ....... # .....


You could see a gnoll bouda, a jelly, an orc and a giant cockroach.

Vanquished Creatures
  A bombardier beetle (D:4)
  An orc priest (D:4)
  An orc wizard (D:3)
  3 gnolls (D:4)
  5 adders
  2 ribbon worms
  2 dart slugs
  10 orcs
  6 ball pythons
  4 endoplasms
  6 giant cockroaches
  3 hobgoblins
  2 jackals (D:3)
  4 quokkas
  5 bats
  8 frilled lizards
  5 goblins
  3 kobolds
  2 rats
73 creatures vanquished.

Notes
Turn   | Place    | Note
-------+----------+-------------------------------------------
     0 | D:1      | qw the Deep Elf Hunter began the quest for the Orb.
     0 | D:1      | Reached XP level 1. HP: 12/12 MP: 3/3
     0 | D:1      | 0 ||| qw: Version: 0.3-a-160-g6735b56
     0 | D:1      | 0 ||| qw: Game counter: 6505
     0 | D:1      | 0 ||| qw: Melee chars always use a shield: true
     0 | D:1      | 0 ||| qw: God list: Okawaru
     0 | D:1      | 0 ||| qw: Allow faded altars: false
     0 | D:1      | 0 ||| qw: Do Orc after clearing Dungeon:15 true
     0 | D:1      | 0 ||| qw: Do second Lair branch before Depths: true
     0 | D:1      | 0 ||| qw: Lair rune preference: random
     0 | D:1      | 0 ||| qw: Goals: Normal
     0 | D:1      | 0 ||| PLANNING D:1-11
   238 | D:1      | Reached XP level 2. HP: 16/16 MP: 4/4
   307 | D:1      | Reached skill level 6 in Ranged Weapons
   717 | D:1      | 717 ||| UPGRADING to +0 ring mail.
   727 | D:1      | 727 ||| DROPPING +0 leather armour.
   728 | D:1      | 728 ||| DROPPING ring of flight.
   729 | D:1      | 729 ||| READING scroll labelled OWKEILLAEDA.
   730 | D:1      | 730 ||| READING scroll labelled JUMUBEFIGA.
   831 | D:1      | 831 ||| READING scroll labelled OLUUNU XUNUARPH.
   832 | D:1      | 832 ||| READING scroll labelled UPNOEN ULAA.
   832 | D:1      | 832 ||| ENCHANTING +0 shortbow.
   833 | D:1      | 833 ||| READING scroll labelled MALIOR PETT.
   833 | D:1      | 833 ||| IDENTIFYING lumpy yellow potion
   834 | D:1      | 834 ||| READING scroll labelled LEYNWE SIMIGOY.
   835 | D:1      | 835 ||| DRINKING 3 fuming emerald potions.
   836 | D:1      | 836 ||| DROPPING scroll of butterflies.
  1022 | D:2      | Reached XP level 3. HP: 20/20 MP: 5/5
  1109 | D:2      | Reached skill level 7 in Ranged Weapons
  1231 | D:2      | 1231 ||| READING scroll of identify.
  1231 | D:2      | 1231 ||| IDENTIFYING ruby potion
  1232 | D:2      | 1232 ||| READING scroll labelled PASEFE VOPRO.
  1233 | D:2      | 1233 ||| DRINKING 2 metallic blue potions.
  1234 | D:2      | 1234 ||| DROPPING potion of invisibility.
  1378 | D:3      | Reached XP level 4. HP: 22/25 MP: 6/6
  1593 | D:3      | Found a shimmering altar of Xom.
  1874 | D:3      | 1874 ||| FLEEEEING.
  1875 | D:3      | 1875 ||| FLEEEEING.
  1881 | D:3      | Reached skill level 8 in Ranged Weapons
  1954 | D:3      | Found the +1 Delatra's gloves {ID++}
  2077 | D:3      | Found a faded altar of an unknown god.
  2128 | D:3      | 2128 ||| UPGRADING to +1 leather armour of poison
                  | resistance.
  2138 | D:3      | 2138 ||| UPGRADING to +1 Delatra's gloves {ID++}.
  2143 | D:3      | 2143 ||| READING 2 scrolls of identify.
  2143 | D:3      | 2143 ||| IDENTIFYING golden potion
  2144 | D:3      | 2144 ||| READING scroll of identify.
  2144 | D:3      | 2144 ||| IDENTIFYING fizzy clear potion
  2145 | D:3      | 2145 ||| READING 2 scrolls labelled EMEILA BEKHLIO.
  2246 | D:3      | 2246 ||| DROPPING scroll of vulnerability.
  2308 | D:4      | Reached XP level 5. HP: 29/29 MP: 7/7
  2330 | D:4      | Found a staircase to the Ecumenical Temple.
  2331 | D:4      | 2331 ||| PLANNING TEMPLE
  2331 | D:4      | 2331 ||| READING 2 scrolls of identify.
  2331 | D:4      | 2331 ||| IDENTIFYING clear potion
  2340 | D:4      | 2340 ||| READING scroll of identify.
  2340 | D:4      | 2340 ||| IDENTIFYING purple potion
  2341 | D:4      | 2341 ||| DROPPING potion of ambrosia.
  2342 | D:4      | 2342 ||| DROPPING potion of lignification.
  2357 | Temple   | Entered the Ecumenical Temple
  2358 | Temple   | 2358 ||| PLANNING D:1-11
  2409 | D:4      | 2409 ||| FLEEEEING.
  2410 | D:4      | 2410 ||| FLEEEEING.
  2410 | D:4      | HP: 5/29 [orc priest/divine providence (11)]
  2411 | D:4      | 2411 ||| DRINKING 3 potions of heal wounds.
  2412 | D:4      | 2412 ||| FLEEEEING.
  2413 | D:4      | 2413 ||| STAIRDANCE
  2485 | D:4      | 2485 ||| STAIRDANCE
  2492 | D:4      | 2492 ||| STAIRDANCE
  2508 | D:4      | Reached skill level 9 in Ranged Weapons
  2509 | D:4      | 2509 ||| STAIRDANCE
  2530 | D:4      | HP: 1/29 [orc priest/divine providence (13)]
  2531 | D:4      | 2531 ||| DRINKING 2 potions of heal wounds.
  2535 | D:4      | Reached skill level 3 in Dodging
  2638 | D:4      | 2638 ||| RETREEEEATING.
  2643 | D:4      | HP: 7/30 [gnoll/+1 halberd of flaming[a gnoll bouda] (6)]
  2644 | D:4      | 2644 ||| DRINKING potion of heal wounds.
  2652 | D:4      | HP: 1/30 [gnoll bouda/+0 whip (9)]
  2653 | D:4      | Mangled by a gnoll bouda

Levels and vault maps discovered:
D:1:      lemuel_arrival_rhombus, layout_basic
D:2:      layout_basic
D:3:      layout_basic, mainiacjoe_overflow_alcove_2,
          shapermc_ecumenical_altar_mp_vishouse, pf_guarded_unrand_delatra
D:4:      cheibrodos_pilgrimage, layout_rooms, fedhas_altar_decomposition,
          minmay_temple_entry_tees
Temple:   nicolae_temple_two_arcs

Skill      XL: |  1  2  3  4  5 |
---------------+----------------+-----
Ranged Weapons | 6 7 8 9 |  9.0
Dodging        | 3 |  3.1
Fighting       | 2 |  2.0
Stealth        | |  1.2

Action                     |  1- 3 |  4- 6 || total
---------------------------+-------+-------++-------
   Fire: Shortbow          |    93 |   122 ||   215
    Use: Scroll            |     8 |     5 ||    13
         Potion            |     2 |     3 ||     5
 Armour: Leather armour    |     9 |    20 ||    29
         Ring mail         |     4 |    19 ||    23
  Dodge: Dodged            |    10 |    26 ||    36

Table legend:
 A = Non-vault XP
 B = Vault XP
 C = Vault XP percentage of total XP
 D = Non-vault monster count
 E = Vault monster count
 F = Vault count percentage of total count
                 A         B        C        D         E       F
            +---------+---------+-------+---------+---------+-------
      Total |     264 |     100 |  27.5 |      64 |       9 |  12.3
            +---------+---------+-------+---------+---------+-------
        D:1 |      24 |       0 |   0.0 |      15 |       0 |   0.0
        D:2 |      41 |       0 |   0.0 |      15 |       0 |   0.0
        D:3 |      80 |      48 |  37.5 |      23 |       5 |  17.9
        D:4 |     119 |      52 |  30.4 |      11 |       4 |  26.7
            +---------+---------+-------+---------+---------+-------
